 Dungeon Crawl Stone Soup version 0.29-a0-1023-g6ae1a4a2c7 (webtiles) character file.

Game seed: 15865505116558019332

149 BritishOli the Trooper (level 5, 0/42 HPs)
             Began as a Demonspawn Fighter on Aug 11, 2022.
             Slain by a gnoll
             ... wielding a +0 spear
              (4 damage)
             ... on level 3 of the Dungeon.
             The game lasted 00:01:52 (3317 turns).

BritishOli the Trooper (Demonspawn Fighter)         Turns: 3317, Time: 00:01:53

Health: 0/42       AC:  8    Str: 18    XL:     5   Next: 9%
Magic:  5/5        EV:  9    Int: 10    God:
Gold:   168        SH:  4    Dex: 12    Spells: 4/4 levels left

rFire   . . .      SeeInvis .   a - +0 long sword
rCold   . . .      Faith    .   c - +0 buckler
rNeg    . . .      Spirit   .   b - +0 scale mail
rPois   .          Reflect  .   (no helmet)
rElec   .          Harm     .   (no cloak)
rCorr   .          Rampage  .   (no gloves)
Will    .....                   (no boots)
Stlth   ..........              (no amulet)
HPRegen 0.14/turn               (no ring)
MPRegen 0.09/turn               (no ring)

@: no status effects
A: yellow scales 1, powered by death 1, demonic touch 1
a: no special abilities


You were on level 3 of the Dungeon.
You visited 1 branch of the dungeon, and saw 3 of its levels.

You collected 168 gold pieces.

Inventory:

Hand Weapons
 a - a +0 long sword (weapon)
Armour
 b - a +0 scale mail (worn)
 c - a +0 buckler (worn)
Wands
 o - a wand of digging (8)
Scrolls
 e - 2 scrolls of immolation {unknown}
 f - 2 scrolls of poison {unknown}
 g - 5 scrolls of identify {unknown}
 h - a scroll of summoning {unknown}
 j - a scroll of blinking {unknown}
 k - a scroll of fear {unknown}
 n - a scroll of brand weapon {unknown}
 p - a scroll of butterflies {unknown}
Potions
 d - a potion of might
 i - 2 potions of flight {unknown}
 l - 2 potions of curing {unknown}
 m - a potion of haste {unknown}


   Skills:
 + Level 3.8 Fighting
 + Level 2.8 Long Blades
 + Level 3.5 Armour
 + Level 3.4 Shields


You had 4 spell levels left.
You didn't know any spells.
Your spell library contained the following spells:

 Spells                   Type           Power      Damage    Failure   Level
 Confusing Touch          Hex            0%         N/A       99%         3
 Yara's Violent Unravell  Hex/Tmut       0%         3d3       100%        5
 Enfeeble                 Hex            0%         N/A       100%        7


Dungeon Overview and Level Annotations

Branches:
Dungeon (3/15)

Altars:

Shops:
D:3 [


Innate Abilities, Weirdness & Mutations

You are partially covered in yellow scales. (AC +2)
You regenerate a little health from kills.
Your touch may inflict minor irresistible damage on your foes.


Message History

The gnoll hits you but does no damage.
There are monsters nearby!
You slash the gnoll!
The gnoll is heavily wounded.
The gnoll closely misses you. The gnoll hits you but does no damage.
There are monsters nearby!
You closely miss the gnoll.
The gnoll is heavily wounded.
You block the gnoll's attack. The gnoll closely misses you. x2
The gnoll barely misses you.
There are monsters nearby!
You barely miss the gnoll.
The gnoll is heavily wounded.
The gnoll hits you from afar with a +0 spear.
The gnoll hits you with a +0 whip.
There are monsters nearby!
You are too injured to fight recklessly!
There are monsters nearby!
You are too injured to fight recklessly!
There are monsters nearby!
You are too injured to fight recklessly!
You are too injured to fight recklessly!
You slash the gnoll!
You kill the gnoll!
You block the gnoll's attack. You block the gnoll's attack.
The gnoll hits you with a +0 spear.
Things that are here:
a +0 whip; a +0 whip; a gnoll corpse You hit the gnoll.
The gnoll is heavily wounded.
The gnoll barely misses you. The gnoll hits you with a +0 spear.
The gnoll barely misses you.
The gnoll hits you from afar with a +0 spear.
* * * LOW HITPOINT WARNING * * *
You barely miss the gnoll.
The gnoll is heavily wounded.
The gnoll hits you with a +0 spear.
* * * LOW HITPOINT WARNING * * *
The gnoll hits you from afar with a +0 spear.
You die...

## #.#
#.>...# #
#.#######.#
#
#.........#
#
#########.#
# #.# # #.#
# #.# . #.#
#@# #g# .g#
.### .. ##


You could see 2 gnolls.

Vanquished Creatures
  5 gnolls
  4 adders
  An ufetubus (D:3)
  2 dart slugs (D:3)
  An orc (D:3)
  8 ball pythons
  8 bats
  4 endoplasms
  4 giant cockroaches
  8 hobgoblins
  2 frilled lizards (D:2)
  5 goblins
  4 kobolds
  2 rats
58 creatures vanquished.

Notes
Turn   | Place    | Note
-------+----------+-------------------------------------------
     0 | D:1      | BritishOli the Demonspawn Fighter began the quest for the
                  | Orb.
     0 | D:1      | Reached XP level 1. HP: 18/18 MP: 1/1
   331 | D:1      | Found a faded altar of an unknown god.
   337 | D:1      | Gained mutation: You are partially covered in yellow
                  | scales. (AC +2) [demonic ancestry]
   337 | D:1      | Reached XP level 2. HP: 23/24 MP: 2/2
  1242 | D:2      | Reached XP level 3. HP: 28/29 MP: 3/3
  1491 | D:2      | Gained mutation: You regenerate a little health from kills.
                  | [demonic ancestry]
  1491 | D:2      | Reached XP level 4. HP: 15/35 MP: 4/4
  2640 | D:3      | Found Qeucyek's Antique Armour Emporium.
  3309 | D:3      | Gained mutation: Your touch may inflict minor irresistible
                  | damage on your foes. [demonic ancestry]
  3309 | D:3      | Reached XP level 5. HP: 35/42 MP: 5/5
  3317 | D:3      | Slain by a gnoll

Illustrated notes

Levels and vault maps discovered:
D:1:      eino_arrival_druids_welcome, layout_basic, basic_ecumenical_altar
D:2:      layout_basic
D:3:      layout_loops_ring, serial_shops, shop_statue

Skill      XL: |  1  2 |
---------------+-------+-----
Long Blades    | 2 |  2.8
Armour         | 3 |  3.5
Shields        | 3 |  3.4
Fighting       | |  3.8

Action                   |  1- 3 |  4- 6 || total
-------------------------+-------+-------++-------
Melee: Long sword        |   112 |    88 ||   200
Armor: Scale mail        |    63 |    36 ||    99
Dodge: Dodged            |    55 |    49 ||   104
Block: Buckler           |    38 |    24 ||    62

Table legend: (Time is in decaauts)
 A = Elapsed time spent in this place.
 B = Non-inter-level travel time spent in this place.
 C = Inter-level travel time spent in this place.
 D = Time resting spent in this place.
 E = Time spent auto-exploring this place.
 F = Levels seen in this place.
 G = Mean time per level.
                   A        B        C        D        E       F      G
               +--------+--------+--------+--------+--------+-----+--------+
         Total |   3380 |   3331 |     49 |    329 |   2551 |   3 | 1126.7 |
       Dungeon |   3380 |   3331 |     49 |    329 |   2551 |   3 | 1126.7 |
               +--------+--------+--------+--------+--------+-----+--------+

Top non-repeatable levels by time:
     D:2: 1247 daAuts
     D:1: 1150 daAuts
     D:3: 982 daAuts
